FAAARZDRD, chaotic male elven Ranger ------------- ------------ # |...........| ##...........| ------.- |............######################|..........| |..>.{.| |...........| ----- ####|..........| ##########.......| |...........| |...| # #---------.-- |......| |...........| |....####### ########### -|------ -----|-.----- |.>.| # ## #### --|-- # # # ## # ### # ----.-- # ### |(....| # #### # ----.----------- |.....| ----|--|-###### # |..............| |.....| |.......| -.------|------ |.b............| |.....| |.......-## |.............|#####....e...d..#.%.| #-.....| |.......| # |..............# |.......d@......####--|---- |....<..| ###|.............| ---------------- # |.......| #..............| --------- --------------- FAAARZDRD the Lookout Experience level: 3 Strength: 15 Dexterity: 9 Constitution: 14 Intelligence: 13 Wisdom: 13 Charisma: 8 Health: 0(24) Energy: 17(17) Def: 3 Gold: 280 Moves: 1445 Dungeon seed: vLeaA4gYVi7-GfXb Game ID: FAAARZDRD_1525864796 Your Inventory: Coins $ - 280 gold pieces Weapons a - a +1 elven dagger (weapon in hand) b - a +1 elven bow (alternate weapon; not wielded) c - 58 +2 elven arrows (in quiver) d - 35 +0 elven arrows j - a cursed -1 bill-guisarme k - a +1 orcish dagger m - a +0 flail p - 2 +0 orcish daggers y - a +0 sling Armor e - an uncursed +2 elven cloak (being worn) Comestibles f - 3 uncursed lembas wafers Scrolls l - a cursed scroll of magic mapping t - an uncursed scroll of scare monster Wands i - a wand of secret door detection (0:15) Tools o - an uncursed blindfold Gems q - 2 uncursed worthless pieces of blue glass Iron balls n - an uncursed thoroughly rusty heavy iron ball (chained to you) Spells and supernatural/magical abilities: Name Level Category Fail Memory W - pray for help -- divine ? -- Your skills at the end: Fighting Skills Weapon Skills dagger [Basic] bow [Basic] Spellcasting Skills Final Attributes: You were piously aligned. You had automatic searching. You had infravision. You were stealthy. You are dead. Vanquished creatures: a hobbit a yellow mold 5 jackals 2 foxes 3 goblins a sewer rat 5 grid bugs a kobold zombie 3 newts 22 creatures vanquished. Voluntary challenges: You used a wielded weapon 21 times, starting on turn 15. You read items or engraved 2 times, starting on turn 117. You never genocided any monsters. You never polymorphed an object. You never changed form. You used no wishes. You never split a pudding. You never wrote Elbereth's name. You never violated your personal moral code. Dungeon overview: The Dungeons of Doom: levels 1 to 2 Level 1 a fountain a long staircase Level 2 <- You were here a fountain, a sink a long staircase History has recorded: On T:1 you entered the Dungeons of Doom to retrieve the Amulet of Yendor! On T:693 you reached level 2 of The Dungeons of Doom. On T:992 you advanced to experience level 2. On T:1104 you advanced to experience level 3. Score breakdown: Gold: 280 ( 8329 points) Experience: 3 levels ( 7878 points) Exploration: 2 levels ( 3.92%) ( 4242 points) Discoveries: 2 items ( 0.69%) ( 2491 points) Valuables value: (no points given unless you survive) Artifact value: 0 ( 0 points) Variety of kills: 9 monsters ( 2.36%) ( 4610 points) Turncount: 1445 turns ( 0 points) Survival: died (score multiplied by 80%) Total score: 22040 Latest messages: You see here a chest. You hear someone counting money. You hear the splashing of a naiad. Your kobold corpse rots away. Your movements are only slowed slightly by your load. Never mind. You see here a chest. You hear a gurgling noise. The door opens. The hobbit hits! (2x) You kill the hobbit! There are a few objects here. You have a little trouble lifting y - a sling. The jackal bites! You hit the acid blob. You are splashed by the acid blob's acid! The jackal bites! (9x) You die... Final status: Goodbye FAAARZDRD the Ranger, killed by a jackal... You died in The Dungeons of Doom on dungeon level 2 with 22040 points, and 280 pieces of gold, after 1445 moves. You were level 3 with a maximum of 24 hit points when you died.